 Dungeon Crawl Stone Soup version 0.19.1-1-g22dce08 (webtiles) character file.

594 theAP the Cudgeler (level 7, -1/53 HPs)
             Began as a Demonspawn Chaos Knight on Dec 31, 2016.
             Slain by zkyp's ghost (19 damage)
             ... in a sewer.
             The game lasted 00:16:36 (2895 turns).

theAP the Cudgeler (Demonspawn Chaos Knight)        Turns: 2895, Time: 00:16:36

Health: -1/53      AC:  9    Str: 14    XL:     7   Next: 16%
Magic:  7/7        EV:  8    Int: 14    God:    Xom [*.....]
Gold:   150        SH:  0    Dex: 12    Spells: 0 memorised, 6 levels left

rFire  + . .     SeeInvis .     a - +1 mace (chaos)
rCold  . . .     Gourm    .     m - +1 chain mail
rNeg   . . .     Faith    .     (no shield)
rPois  .         Spirit   .     (no helmet)
rElec  .         Reflect  .     (no cloak)
rCorr  .         Harm     .     (no gloves)
MR     .....                    (no boots)
Stlth  ..........               (no amulet)
                                (no ring)
                                q - ring "Buph" {+Fly rF+}

@: cleaving
A: hooves 1, repulsion field 1, spiny 1
a: Renounce Religion, Evoke Flight


You were in a sewer.
You worshipped Xom.
You were a special plaything of Xom.
You were hungry.

You visited 1 branch of the dungeon, and saw 4 of its levels.
You also visited: Sewer.

You collected 150 gold pieces.

Inventory:

Hand Weapons
 a - a +1 mace of chaos (weapon)
 d - a +0 whip
 n - a +2 rapier of electrocution
Armour
 b - a +2 leather armour
 m - a +1 chain mail (worn)
Jewellery
 q - the ring "Buph" (left hand) {+Fly rF+}
   (Xom gifted it to you on level 2 of the Dungeon)

   [ring of flight]

   It protects you from fire.
   It lets you fly.
Scrolls
 e - 2 scrolls of remove curse
 f - a scroll of teleportation
 j - a scroll of magic mapping
 k - a scroll of fear
 l - 3 scrolls of identify
 u - a scroll of enchant armour
 v - 4 scrolls of blinking {unknown}
Potions
 h - 4 potions of ambrosia
 p - a potion of lignification {unknown}
 r - 2 potions of haste {unknown}
 s - a potion of invisibility {unknown}
 t - a potion of brilliance
Books
 g - Xom's Papyrus of the Hills
   (Xom gifted it to you on level 3 of the Dungeon)

   Spells                             Type                      Level
   a - Sticky Flame                   Conjuration/Fire             4
   b - Petrify                        Transmutation/Earth          4
   c - Bolt of Magma                  Conjuration/Fire/Earth       5
   d - Lee's Rapid Deconstruction     Earth                        5
   e - Statue Form                    Transmutation/Earth          6
   f - Shatter                        Earth                        9
Comestibles
 c - 4 bread rations
 i - 2 slices of pizza
 o - 3 meat rations


   Skills:
 + Level 3.8 Fighting
 + Level 7.2 Maces & Flails
 - Level 1.7 Armour
 - Level 0.8 Dodging
 - Level 0.6 Stealth


You had 6 spell levels left.
You didn't know any spells.

Dungeon Overview and Level Annotations

Branches:
Dungeon (4/15)             Temple (0/1) D:4

Altars:
Cheibriados
Fedhas
Makhleb

Portals:
Sewer: D:4

Annotations:
Sewer zkyp's ghost, novice DsHu


Innate Abilities, Weirdness & Mutations

You have large cloven feet.
You are surrounded by a mild repulsion field. (EV +2)
You are partially covered in sharp spines.


Message History

You kill the leopard gecko!
Xom smirks.
You detect nothing.
You are now a very special plaything of Xom.
Zkyp's ghost hits you but does no damage.
Zkyp's ghost hits you!
You emit a cloud of colourful smoke!
You see here a leopard gecko corpse. "Go forth and cause havoc, mortal!"
Your +1 mace of chaos looks sharp.
You are now a special plaything of Xom.
Zkyp's ghost hits you!
You hit zkyp's ghost.
Zkyp's ghost is lightly damaged.
Zkyp's ghost hits you.
You closely miss zkyp's ghost. Zkyp's ghost hits you!
You hit zkyp's ghost but do no damage. Your kick misses zkyp's ghost.
Zkyp's ghost hits you!!
You die...
Xom cackles wildly!

≈#≈≈##≈≈.≈≈≈≈##≈≈.# #†≈#
.##.†#≈≈≈≈≈≈≈#.≈###.#≈≈#
≈.#≈≈##≈≈≈≈≈##≈≈#≈≈≈#..#
†≈#.≈≈##≈≈≈##≈≈≈#≈≈##.##
≈.##≈≈≈#####≈†≈##.≈#≈.#
≈≈≈#.≈≈.≈.≈≈.≈≈#≈≈≈#.∩#
#≈≈##≈≈≈≈≈≈≈≈≈##..##..#
#≈†≈##≈≈≈≈..≈##§W≈#≈.##
#≈≈≈≈###.≈≈###§§@≈#≈≈#
##≈≈≈≈≈#####≈≈§§§##∩##
##≈≈≈≈.≈≈≈≈≈≈≈≈####
##≈≈≈≈≈≈≈≈.≈≈##
###≈.≈≈..≈### #########


You could see zkyp's ghost.

Vanquished Creatures
  An ogre (D:4)
  A bullfrog (Sewer)
  An orc wizard (D:4)
  A worker ant (D:4)
  13 adders
  11 oozes (Sewer)
  3 worms
  4 dart slugs
  12 leopard geckos
  6 orcs
  11 ball pythons (Sewer)
  9 giant cockroaches
  7 goblins
  5 hobgoblins
  8 jackals
  9 kobolds
  9 bats
  11 frilled lizards
  13 rats
  A plant (D:1)
136 creatures vanquished.

Vanquished Creatures (collateral kills)
  A bullfrog (Sewer)
  An ooze (Sewer)
2 creatures vanquished.

Grand Total: 138 creatures vanquished

Notes
Turn   | Place    | Note
-------+----------+-------------------------------------------
     0 | D:1      | theAP the Demonspawn Chaos Knight began the quest for the Orb.
     0 | D:1      | Reached XP level 1. HP: 18/18 MP: 1/1
    50 | D:1      | Reached skill level 3 in Maces & Flails
    97 | D:1      | XOM: divination: magic mapping
   140 | D:1      | XOM: harmless Chrm miscast
   149 | D:1      | Gained mutation: You are partially covered in sharp spines. [demonic ancestry]
   149 | D:1      | Reached XP level 2. HP: 24/24 MP: 2/2
   268 | D:1      | XOM: harmless Chrm miscast
   487 | D:1      | XOM: mild Divn miscast
   600 | D:2      | Reached XP level 3. HP: 29/29 MP: 3/3
   700 | D:2      | Reached skill level 4 in Maces & Flails
   723 | D:2      | Found a blossoming altar of Fedhas.
   863 | D:2      | Gained mutation: You are surrounded by a mild repulsion field. (EV +2) [demonic ancestry]
   863 | D:2      | Reached XP level 4. HP: 24/35 MP: 4/4
   894 | D:2      | Found a snail-covered altar of Cheibriados.
   912 | D:2      | XOM: god gift: ancient copper ring {god gift}
   913 | D:2      | Got an ancient copper ring {god gift}
   916 | D:2      | Identified the ring "Buph" {+Fly rF+} (Xom gifted it to you on level 2 of the Dungeon)
   930 | D:2      | Found a burning altar of Makhleb.
  1004 | D:2      | XOM: noise
  1359 | D:3      | XOM: stealth player
  1371 | D:3      | Identified Xom's Papyrus of the Hills (Xom gifted it to you on level 3 of the Dungeon)
  1371 | D:3      | XOM: god gift: Xom's Papyrus of the Hills
  1377 | D:3      | XOM: 9-stop teleportation journey
  1451 | D:3      | XOM: harmless Fire miscast
  1468 | D:3      | Reached skill level 5 in Maces & Flails
  1918 | D:3      | XOM: divination: detect items
  2044 | D:3      | XOM: harmless Hex miscast
  2064 | D:3      | XOM: medium Chrm miscast
  2298 | D:3      | Gained mutation: You have large cloven feet. [demonic ancestry]
  2298 | D:3      | Reached XP level 5. HP: 33/41 MP: 5/5
  2302 | D:3      | XOM: harmless Hex miscast
  2389 | D:4      | Found a staircase to the Ecumenical Temple.
  2389 | D:4      | Noticed an ogre
  2389 | D:4      | XOM: cast spell 'Statue Form'
  2394 | D:4      | Killed an ogre
  2394 | D:4      | Reached skill level 6 in Maces & Flails
  2395 | D:4      | XOM: repel stairs
  2405 | D:4      | Reached XP level 6. HP: 40/47 MP: 6/6
  2469 | D:4      | Found a glowing drain.
  2485 | Sewer    | Entered a sewer
  2520 | Sewer    | Noticed zkyp's ghost (novice DsHu)
  2522 | Sewer    | XOM: 2-stop teleportation journey
  2528 | Sewer    | XOM: noise
  2530 | Sewer    | XOM: cast spell 'Call Canine Familiar'
  2559 | Sewer    | XOM: polymorph ooze -> adder
  2757 | Sewer    | Reached skill level 7 in Maces & Flails
  2800 | Sewer    | Reached XP level 7. HP: 47/52 MP: 7/7
  2890 | Sewer    | XOM: divination: detect items
  2891 | Sewer    | XOM: smoke on damage
  2892 | Sewer    | XOM: cleaving
  2895 | Sewer    | Slain by zkyp's ghost

Skill      XL: |  1  2  3  4  5  6 |
---------------+-------------------+-----
Maces & Flails | 3 4 5 6 7 |  7.2
Fighting       | |  3.8
Armour         | |  1.7
Dodging        | |  0.8
Stealth        | |  0.6

Action                   |  1- 3 |  4- 6 |  7- 9 || total
-------------------------+-------+-------+-------++-------
Melee: Mace              |    86 |   140 |    30 ||   256
       Kick              |       |    13 |    10 ||    23
  Use: Scroll            |       |     9 |       ||     9
       Potion            |       |     2 |       ||     2
 Stab: Paralysed         |     2 |     2 |     1 ||     5
       Confused          |       |     1 |       ||     1
  Eat: Chunk             |       |     6 |       ||     6
Armor: Leather armour    |    25 |       |       ||    25
       Chain mail        |    33 |    86 |    28 ||   147
       Skin              |       |    10 |       ||    10
Dodge: Dodged            |    48 |    82 |    13 ||   143
